 Dungeon Crawl Stone Soup version 0.27.1-1-g398f81649c (webtiles) character file.

Game seed: 13229201110649970421

16 101zpm the Shield-Bearer (level 2, 0/19 HPs)
             Began as a Gargoyle Fighter on Sept 19, 2021.
             Slain by a goblin (1 damage)
             ... on level 3 of the Dungeon.
             The game lasted 00:00:29 (147 turns).

101zpm the Shield-Bearer (Gargoyle Fighter)          Turns: 147, Time: 00:00:30

Health: 0/19       AC:  9    Str: 19    XL:     2   Next: 54%
Magic:  2/2        EV:  7    Int:  8    God:
Gold:   17         SH:  9    Dex:  9    Spells: 1/1 levels left

rFire    . . .     SeeInvis .   a - +0 flail
rCold    . . .     Faith    .   c - +0 kite shield
rNeg     + . .     Spirit   .   b - +0 scale mail
rPois    ∞         Reflect  .   (no helmet)
rElec    +         Harm     .   (no cloak)
rCorr    .         Rampage  .   (no gloves)
Will     .....                  (no boots)
Stlth    ..........             (no amulet)
HPRegen  0.06/turn              (no ring)
MPRegen  0.08/turn              (no ring)

@: no status effects
A: sickness immunity, AC +2, negative energy resistance 1, electricity
resistance, torment resistance 1, petrification resistance
a: no special abilities


You were on level 3 of the Dungeon.
You visited 1 branch of the dungeon, and saw 3 of its levels.

You collected 17 gold pieces.

Inventory:

Hand Weapons
 a - a +0 flail (weapon)
Armour
 b - a +0 scale mail (worn)
 c - a +0 kite shield (worn)
Potions
 d - a potion of might
 e - a potion of attraction {unknown}
 f - 3 potions of heal wounds {unknown}


   Skills:
 + Level 3.5 Fighting
 + Level 2.1 Maces & Flails
 + Level 3.5 Armour
 + Level 3.6 Shields


You had one spell level left.
You didn't know any spells.
Your spell library was empty.

Dungeon Overview and Level Annotations

Branches:
Dungeon (3/15)

Altars:
Ashenzari


Innate Abilities, Weirdness & Mutations

You are immune to sickness and miasma.
Your stone body is resilient. (AC +2)
You are immune to poison.
You resist negative energy. (rN+)
You are resistant to electric shocks. (rElec)
You are resistant to unholy torment.
You are immune to petrification.


Message History

You thump the hobgoblin!
You kill the hobgoblin!
You completely miss the endoplasm. The endoplasm closely misses you.
The endoplasm freezes you.
You are frozen.
You are too injured to fight recklessly!
You are too injured to fight recklessly!
You are too injured to fight recklessly!
You are too injured to fight recklessly!
You are too injured to fight recklessly!
You are too injured to fight recklessly!
You are too injured to fight recklessly!
You are too injured to fight recklessly!
You are too injured to fight recklessly!
You are too injured to fight recklessly!
You are too injured to fight recklessly!
You are too injured to fight recklessly!
You are too injured to fight recklessly!
You are too injured to fight recklessly!
You are too injured to fight recklessly!
You are too injured to fight recklessly!
You are too injured to fight recklessly!
You barely miss the endoplasm. The endoplasm freezes you.
You are frozen.
You hit the endoplasm but do no damage. You block the endoplasm's attack.
The endoplasm freezes you.
You are frozen.
* * * LOW HITPOINT WARNING * * *
You hit the endoplasm but do no damage. The endoplasm freezes you.
You are frozen.
* * * LOW HITPOINT WARNING * * *
You sock the endoplasm!
You kill the endoplasm!
The goblin hits you but does no damage.
You hit the goblin.
The goblin is severely wounded.
The goblin hits you with a +0 dagger.
You die...

...## .....# ..# .....## ..#
......# ..#### #...#.#
.....# #..(#.##.....#
#####...#<.#.....#
#.g@....#..#.....#
##.###.#.#........#
###..#...#..........#
#..J.#...#..........#
.....[†####...###...>....# #
....#..#⌠.##'##.⌠........#.#
.......#.........#........).
# ..#####........####.#.####
#.. ...........#...#.#.....


You could see a goblin.

Vanquished Creatures
  An adder (D:3)
  A bat (D:1)
  2 endoplasms
  A goblin (D:1)
  A hobgoblin (D:3)
6 creatures vanquished.

Vanquished Creatures (others)
  2 plants (D:2)
2 creatures vanquished.

Grand Total: 8 creatures vanquished

Notes
Turn   | Place    | Note
-------+----------+-------------------------------------------
     0 | D:1      | 101zpm the Gargoyle Fighter began the quest for the Orb.
     0 | D:1      | Reached XP level 1. HP: 14/14 MP: 1/1
    98 | D:3      | Found a broken altar of Ashenzari.
   137 | D:3      | Reached XP level 2. HP: 13/19 MP: 2/2
   147 | D:3      | Slain by a goblin

Illustrated notes

Levels and vault maps discovered:
D:1:      lemuel_arrival_lava_pool, layout_basic, serial_shops,
          nicolae_shop_waterfront, minmay_cut_off
D:2:      layout_basic, shapermc_ecumenical_altar_mp_urbaneastern,
          serial_bayou_pond_a
D:3:      layout_basic, evilmike_ruin_ashenzari,
          nzn_overflow_gifts_of_might_and_magic, gup_sewer_entry_spiral,
          uniq_sigmund, uniq_grinder, uniq_terence

Action                   || total
-------------------------++-------
Melee: Flail             ||    24
Armor: Scale mail        ||    16
Dodge: Dodged            ||     9
Block: Kite shield       ||    14
